[Event "Team 45 45 League T44"]
[Site "Internet Chess Club"]
[Date "2010.02.26"]
[Round "4"]
[White "Constrictor"]
[Black "RamRock"]
[Result "0-1"]
[WhiteElo "1825"]
[BlackElo "1815"]
[Opening "Réti opening"]
[ECO "A05"]
[Time "21:00:57"]
[TimeControl "2700+45"]

1. Nf3 Nf6 2. b4 d5 3. b5 c5 4. e3 e6 5. Bb2 Bd6 6. c4 O-O 7. Be2 Nbd7 8. O-O e5
9. d4 e4 10. Ne5 cxd4 11. Nxd7 Bxd7 12. Bxd4 dxc4 13. Bxc4 Bxh2+ 14. Kh1 Ng4 15.
g3 Qg5 16. Kg2 Qh5 17. Rh1 Nxe3+ 18. fxe3 Qh3+ 19. Kf2 Qxg3+ 20. Ke2 Qg2+ {White
resigns} 0-1

[Event "Team 45 45 League T44"]
[Site "Internet Chess Club"]
[Date "2010.02.26"]
[Round "4"]
[White "winerum"]
[Black "ghostfire"]
[Result "0-1"]
[WhiteElo "1679"]
[BlackElo "1790"]
[Opening "Sicilian: O'Kelly variation"]
[ECO "B28"]
[Time "22:00:10"]
[TimeControl "2700+45"]

1. e4 c5 2. Nf3 a6 3. c3 Nf6 4. d3 d6 5. Nbd2 Nc6 6. g3 g6 7. Bg2 Bg7 8. O-O O-O
9. Re1 Re8 10. Nf1 Qc7 11. Ne3 Rb8 12. Nd5 Nxd5 13. exd5 Ne5 14. Bf4 Bg4 15. h3
Nxf3+ 16. Bxf3 Bxh3 17. Bg4 Bxg4 18. Qxg4 b5 19. Rab1 b4 20. Bd2 bxc3 21. Bxc3
Rb7 22. Bxg7 Kxg7 23. Qc4 Qa5 24. Qc3+ Qxc3 25. bxc3 Reb8 26. Rxb7 Rxb7 27. Re2
Kf6 28. Kg2 Rb1 29. Re4 Rb6 30. Ra4 Ke5 31. Re4+ Kf6 32. g4 e5 33. dxe6 fxe6 34.
Rf4+ Ke7 35. Ra4 Kd7 36. g5 Kc6 37. Rh4 Rb7 38. Kf3 Rf7+ 39. Ke4 Rxf2 40. Rxh7
Rf5 41. Ra7 Kb6 42. Re7 Rxg5 43. Rxe6 Kc6 44. Kf3 Rd5 45. d4 cxd4 46. cxd4 Rxd4
47. Rxg6 Rd2 48. a4 Rd4 49. Rg2 Rxa4 50. Rc2+ Kd5 51. Ke3 Re4+ 52. Kf3 a5 53.
Rb2 Ra4 54. Rb5+ Kc4 55. Rb6 d5 56. Rc6+ Kd4 57. Rh6 Kd3 58. Rh5 d4 59. Rc5 Kd2
60. Rb5 d3 61. Rd5 Ra3 62. Rh5 Kc2 63. Rc5+ Rc3 64. Rxa5 d2+ 65. Kg2 d1=Q 66.
Ra2+ Kd3 67. Rf2 Qg4+ 68. Kh2 Rc2 69. Kh1 Qh4+ 70. Kg2 Rxf2+ 71. Kg1 Qh2# {White
checkmated} 0-1

[Event "Team 45 45 League T44"]
[Site "Internet Chess Club"]
[Date "2010.03.01"]
[Round "4"]
[White "Monsieur"]
[Black "UnderRated"]
[Result "0-1"]
[WhiteElo "1549"]
[BlackElo "1664"]
[Opening "Réti: old Indian attack"]
[ECO "A06"]
[Time "19:35:47"]
[TimeControl "2700+45"]

1. Nf3 d5 2. d3 g6 3. h3 Bg7 4. Nc3 Nf6 5. Bg5 Nbd7 6. e4 h6 7. Bxf6 Nxf6 8. e5
Nh7 9. d4 O-O 10. Qd2 b6 11. Bb5 Bd7 12. a4 a6 13. Bxd7 Qxd7 14. O-O e6 15. b4
Qe7 16. b5 axb5 17. Nxb5 Ng5 18. Nxg5 hxg5 19. c3 c5 20. f4 gxf4 21. Qxf4 cxd4
22. cxd4 Qb4 23. Nd6 Rxa4 24. Rxa4 Qxa4 25. Nxf7 Qb4 26. Qg4 Rxf7 27. Rxf7 Kxf7
28. Qf4+ Kg8 29. h4 Qe1+ 30. Kh2 Qe4 31. Qf2 Bh6 32. Qf6 Qf4+ 33. g3 Qxf6 34.
exf6 Be3 {White resigns} 0-1

[Event "Team 45 45 League T44"]
[Site "Internet Chess Club"]
[Date "2010.02.26"]
[Round "4"]
[White "Zornorph"]
[Black "QueensCounselor"]
[Result "1/2-1/2"]
[WhiteElo "2054"]
[BlackElo "2099"]
[Opening "English: Bremen system, Keres variation"]
[ECO "A23"]
[Time "13:01:36"]
[TimeControl "2700+45"]

1. c4 e5 2. Nc3 Nf6 3. g3 c6 4. d4 exd4 5. Qxd4 d5 6. cxd5 cxd5 7. Bf4 Nc6 8.
Qd3 Be6 9. a3 Qa5 10. Qb5 a6 11. Qxa5 Nxa5 12. Rd1 Nc4 13. Bc1 Rc8 14. Na2 Bc5
15. Bg2 Ne4 16. e3 O-O 17. Ne2 Rfd8 18. O-O Nf6 19. h3 a5 20. Nd4 Rd7 21. Kh2
Rdc7 22. Nb5 Rd7 23. Nac3 Rcd8 24. Ne2 Bf5 25. Nbd4 Be4 26. Nc3 Bxg2 27. Kxg2
Ne4 28. Ncb5 a4 29. Rfe1 Bb6 30. Re2 Ba5 31. Rc2 Nc5 32. Re2 g6 33. Rc2 Rc8 34.
Na7 Rcd8 35. Nab5 Rc8 36. Na7 Rcd8 37. Nab5 {Game drawn by repetition} 1/2-1/2

[Event "Team 45 45 League T44"]
[Site "Internet Chess Club"]
[Date "2010.02.26"]
[Round "4"]
[White "jonesey"]
[Black "Knight77"]
[Result "0-1"]
[WhiteElo "1922"]
[BlackElo "1979"]
[Opening "English: symmetrical, Botvinnik system"]
[ECO "B20"]
[Time "14:24:50"]
[TimeControl "2700+45"]

1. e4 c5 2. c4 Nc6 3. Nc3 g6 4. g3 Bg7 5. Bg2 Nf6 6. Nge2 O-O 7. O-O d6 8. d3 a6
9. Rb1 Be6 10. Nd5 Bg4 11. f3 Bd7 12. Be3 e6 13. Ndc3 Qe7 14. d4 cxd4 15. Nxd4
Ne5 16. b3 Rfc8 17. Qd2 Be8 18. Rfd1 Qc7 19. Nde2 Rd8 20. Rbc1 Rac8 21. Qe1 Qa5
22. Qf2 Qb4 23. Bb6 Rd7 24. h3 g5 25. Na4 Nh5 26. Be3 Nxc4 27. Bxg5 Rdc7 28.
Rxc4 Rxc4 29. Nb6 Rd4 30. Nxd4 Qxb6 31. g4 Qa5 32. Qe3 Rc3 33. Qe1 Qc5 34. Be3
Nf4 35. Nf5 Rxe3 36. Nxe3 Bd4 37. Rxd4 Qxd4 38. Kh1 Qb2 39. Qa5 Bb5 40. a4 Qc1+
41. Kh2 Qxe3 42. axb5 Ne2 43. Qd8+ Kg7 44. h4 h6 45. Qxd6 Qg1+ 46. Kh3 Qf2 47.
Qe5+ Kh7 48. g5 Ng1+ 49. Kg4 Qxg2+ 50. Qg3 h5+ {White resigns} 0-1

[Event "Team 45 45 League T44"]
[Site "Internet Chess Club"]
[Date "2010.02.27"]
[Round "4"]
[White "jefferyx"]
[Black "fledermaus"]
[Result "1/2-1/2"]
[WhiteElo "2133"]
[BlackElo "1959"]
[Opening "Caro-Kann: Panov-Botvinnik attack"]
[ECO "B13"]
[Time "10:08:15"]
[TimeControl "2700+45"]

1. e4 c6 2. d4 d5 3. exd5 cxd5 4. c4 Nf6 5. Nc3 Nc6 6. Nf3 Bg4 7. cxd5 Nxd5 8.
Qb3 Bxf3 9. gxf3 e6 10. Qxb7 Nxd4 11. Bb5+ Nxb5 12. Qc6+ Ke7 13. Nxb5 Rb8 14.
O-O Qb6 15. Qxb6 axb6 16. b3 Kd7 17. Bb2 Be7 18. Rac1 Rbc8 19. a4 Bf6 20. Bd4
Bxd4 21. Nxd4 Nf4 22. Rxc8 Rxc8 23. Rd1 Ke7 24. h4 Rc3 25. b4 Rc4 26. Kh2 Kf6
27. a5 Rxb4 28. Nc6 Rc4 29. Rd6 bxa5 30. Nxa5 Ra4 31. Nc6 Ng6 32. h5 Rh4+ 33.
Kg3 Rxh5 34. Rd4 Rg5+ 35. Kh3 Rh5+ 36. Kg3 Rg5+ 37. Kh3 Rd5 38. Re4 h5 39. Nd4
e5 40. Ne2 Rd2 41. Ng3 Nf4+ 42. Rxf4+ Kg6 43. Ra4 Rxf2 44. Ra3 f5 45. Nh1 Rb2
46. Ng3 h4 47. Nf1 Rf2 48. Nh2 Kg5 49. f4+ Rxf4 50. Nf3+ Kf6 51. Ra6+ Ke7 52.
Nxe5 Re4 53. Ng6+ Kf7 54. Nxh4 Re3+ 55. Kg2 Re5 56. Ng6 Re6 57. Rxe6 Kxe6 58.
Kf3 Kf6 59. Nh4 Kg5 60. Ng2 g6 61. Nf4 Kf6 62. Nxg6 Kxg6 63. Kf4 {Game drawn by
mutual agreement} 1/2-1/2

[Event "Team 45 45 League T44"]
[Site "Internet Chess Club"]
[Date "2010.02.28"]
[Round "4"]
[White "whitetiger"]
[Black "Walker42"]
[Result "1-0"]
[WhiteElo "1874"]
[BlackElo "1740"]
[Opening "Sicilian defense"]
[ECO "B41"]
[Time "14:04:21"]
[TimeControl "2700+45"]

1. e4 c5 2. Nf3 e6 3. d4 cxd4 4. Nxd4 Qa5+ 5. Nc3 a6 6. g3 b5 7. Bd2 b4 8. Nce2
Bb7 9. Bg2 Nf6 10. a3 Bxe4 11. axb4 Qb6 12. Bxe4 Nxe4 13. c3 Nxd2 14. Qxd2 Nc6
15. Nxc6 Qxc6 16. O-O Be7 17. Rfd1 d5 18. Nd4 Qb7 19. Ra4 O-O 20. Rda1 e5 21.
Nf5 Bf6 22. Qe2 d4 23. Rxa6 Rad8 24. Rxf6 {Black resigns} 1-0

[Event "Team 45 45 League T44"]
[Site "Internet Chess Club"]
[Date "2010.02.26"]
[Round "4"]
[White "mcplayerus"]
[Black "MeoPatacca"]
[Result "1-0"]
[WhiteElo "2032"]
[BlackElo "1858"]
[Opening "Queen's gambit declined"]
[ECO "D30"]
[Time "15:30:22"]
[TimeControl "2700+45"]

1. d4 d5 2. c4 e6 3. Nf3 Nf6 4. e3 c6 5. Bd3 Nbd7 6. O-O Bd6 7. b3 O-O 8. Ba3
Bxa3 9. Nxa3 Re8 10. Qc1 a6 11. Qb2 Qe7 12. Rfd1 e5 13. dxe5 Nxe5 14. Nxe5 Qxe5
15. Qxe5 Rxe5 16. cxd5 Rxd5 17. Nc4 Bg4 18. f3 Rad8 19. Bc2 Bh5 20. Rxd5 Rxd5
21. Rd1 Rxd1+ 22. Bxd1 Nd5 23. Na5 Nc3 24. Bc2 Bg6 25. Bxg6 hxg6 26. Nxb7 Nxa2
27. Kf2 Kf8 28. Na5 Nb4 29. Ke2 Ke7 30. Kd2 Kd7 31. Kc3 Nd5+ 32. Kd4 Kc7 33. Nc4
f6 34. Kc5 Kd7 35. Nb6+ Nxb6 36. Kxb6 Kd6 37. Kxa6 Kc5 38. Ka5 f5 39. Ka4 Kd5
40. Kb4 c5+ 41. Kb5 g5 42. e4+ fxe4 43. fxe4+ Kxe4 44. Kxc5 Ke3 45. b4 Kf2 46.
g4 Kg2 47. b5 Kxh2 48. b6 Kg3 49. b7 Kxg4 50. b8=Q Kh3 51. Kd4 g4 52. Qh8+ Kg2
53. Ke3 g3 54. Qh4 g5 55. Qxg5 Kh1 56. Kf3 {Black resigns} 1-0

[Event "Team 45 45 League T44"]
[Site "Internet Chess Club"]
[Date "2010.02.26"]
[Round "4"]
[White "MegaFish"]
[Black "AronT"]
[Result "1-0"]
[WhiteElo "1795"]
[BlackElo "1959"]
[Opening "French defense, Steiner variation"]
[ECO "C00"]
[Time "19:32:49"]
[TimeControl "2700+45"]

1. e4 e6 2. c4 c5 3. Nf3 Nc6 4. d4 cxd4 5. Nxd4 Bc5 6. Nb3 Be7 7. Nc3 Nf6 8. g3
O-O 9. Bg2 Ne5 10. Qe2 Qc7 11. Nd2 Bb4 12. O-O a6 13. h3 Qd6 14. Rd1 Qd3 15.
Qxd3 Nxd3 16. Nf1 Nxc1 17. Raxc1 Rd8 18. e5 Ne8 19. Ne4 Rb8 20. a3 Be7 21. c5 b5
22. b4 Bb7 23. Rd2 f6 24. exf6 Nxf6 25. Nxf6+ Bxf6 26. Bxb7 Rxb7 27. Rcd1 Ra7
28. Ne3 Kf7 29. Ng4 Ke7 30. Nxf6 gxf6 31. Rd6 Rb8 32. c6 Rd8 33. Kg2 Rc7 34.
cxd7 Rcxd7 35. Rxd7+ Rxd7 36. Rxd7+ Kxd7 37. Kf3 f5 38. Kf4 Ke7 39. Ke5 h5 40.
f4 Kf7 41. Kd6 Kf6 42. h4 Kf7 43. Kc6 Kf6 44. Kb6 e5 45. fxe5+ Kxe5 46. Kxa6 Ke4
47. Kxb5 Kf3 48. Kc5 Kxg3 49. b5 f4 50. b6 f3 51. b7 f2 52. b8=Q+ Kxh4 53. Qh2+
{Black resigns} 1-0

[Event "Team 45 45 League T44"]
[Site "Internet Chess Club"]
[Date "2010.02.27"]
[Round "4"]
[White "smitty120"]
[Black "GreatBendini"]
[Result "1/2-1/2"]
[WhiteElo "1943"]
[BlackElo "1779"]
[Opening "Sicilian: accelerated fianchetto, modern variation with Bc4"]
[ECO "B35"]
[Time "16:19:05"]
[TimeControl "2700+45"]

1. e4 c5 2. Nf3 g6 3. d4 cxd4 4. Nxd4 Nc6 5. Be3 Nf6 6. Nc3 Bg7 7. Bc4 O-O 8.
O-O Nxe4 9. Nxe4 d5 10. Bb3 dxe4 11. Nxc6 bxc6 12. c3 Ba6 13. Re1 Qxd1 14. Raxd1
Bd3 15. Bc5 a5 16. Ba4 Rab8 17. Bxe7 Rfe8 18. Ba3 Bb5 19. Bc2 Bd3 20. Ba4 Bb5
21. Bb3 Bf8 22. Rd7 Kh8 23. Bxf8 Rxf8 24. Rxe4 c5 25. Rc7 c4 26. Bd1 Rfd8 27.
Bf3 Be8 28. Rce7 Kg8 29. h3 Kf8 30. Ra7 a4 31. Re2 Rd1+ 32. Kh2 Rb1 33. Rb7 Rxb7
34. Bxb7 a3 35. Bd5 Rxb2 36. Bxc4 Bd7 37. Kg3 Be6 38. Rxe6 fxe6 39. Bxe6 Ke7 40.
Bg8 Rc2 41. f3 h6 42. h4 Rxc3 43. Kf4 Rc2 44. g4 Kf6 45. g5+ hxg5+ 46. hxg5+ Kg7
47. Bd5 {Game drawn by mutual agreement} 1/2-1/2

[Event "Team 45 45 League T44"]
[Site "Internet Chess Club"]
[Date "2010.03.02"]
[Round "4"]
[White "jericho121"]
[Black "medsurg"]
[Result "1-0"]
[WhiteElo "1475"]
[BlackElo "1363"]
[Opening "Ruy Lopez: closed, 7...O-O"]
[ECO "C88"]
[Time "16:01:37"]
[TimeControl "2700+45"]

1. e4 e5 2. Nf3 Nc6 3. Bb5 a6 4. Ba4 Nf6 5. O-O b5 6. Bb3 Be7 7. Re1 O-O 8. d4
d6 9. h3 Bb7 10. Nc3 Na5 11. Bd2 c5 12. a3 Nxb3 13. cxb3 cxd4 14. Nd5 Nxd5 15.
exd5 Bxd5 16. Rc1 Rc8 17. Rxc8 Qxc8 18. Bb4 Qc6 19. Nxd4 Qb7 20. Nf5 Bc6 21.
Nxe7+ {Black resigns} 1-0

[Event "Team 45 45 League T44"]
[Site "Internet Chess Club"]
[Date "2010.03.02"]
[Round "4"]
[White "milesotoole"]
[Black "scottrugby"]
[Result "0-1"]
[WhiteElo "1350"]
[BlackElo "1508"]
[Opening "Sicilian: closed"]
[ECO "B23"]
[Time "22:10:03"]
[TimeControl "2700+45"]

1. e4 c5 2. Nc3 g6 3. f4 Bg7 4. Nf3 Nc6 5. Bb5 Nd4 6. O-O e6 7. d3 a6 8. Ba4 Ne7
9. Nxd4 cxd4 10. Ne2 O-O 11. Qe1 d5 12. e5 f6 13. Nxd4 fxe5 14. fxe5 Rxf1+ 15.
Qxf1 Bxe5 16. c3 b5 17. Bb3 Qb6 18. Kh1 Bxd4 19. cxd4 Qxd4 20. Bh6 Nf5 21. Bg5
Bb7 22. Re1 Rf8 23. Qf4 Qxf4 24. Bxf4 Nd4 25. Bh6 Rf2 26. Kg1 Rxb2 27. Rf1 Nf5
28. g4 Nxh6 29. Rf6 Bc8 30. h3 Rd2 31. Rf3 Nf7 32. Kf1 Ne5 33. Re3 Nxd3 34. Bxd5
exd5 35. Re8+ Kf7 36. Rxc8 Rxa2 37. Rc7+ Kg8 38. Rc8+ Kg7 39. Rc7+ Kh6 40. h4 b4
41. Rd7 b3 42. Rxd5 b2 {White resigns} 0-1

[Event "Team 45 45 League T44"]
[Site "Internet Chess Club"]
[Date "2010.02.26"]
[Round "4"]
[White "Just-Jim"]
[Black "MateIn42"]
[Result "1/2-1/2"]
[WhiteElo "1286"]
[BlackElo "1367"]
[Opening "Four knights: Italian variation"]
[ECO "C55"]
[Time "19:00:19"]
[TimeControl "2700+45"]

1. e4 e5 2. Nf3 Nc6 3. Bc4 Nf6 4. Nc3 Nxe4 5. Nxe4 d5 6. Bxd5 Qxd5 7. Nc3 Qd8 8.
O-O Bg4 9. h3 Bh5 10. g4 Bg6 11. d3 Be7 12. Bd2 h6 13. Re1 f6 14. Nh4 Bh7 15. a3
Bc5 16. Nf5 Bxf5 17. gxf5 Nd4 18. Qh5+ Ke7 19. Rac1 Qd7 20. Ne4 Bb6 21. Bb4+ c5
22. Bxc5+ Bxc5 23. Nxc5 Qxf5 24. Qxf5 Nxf5 25. c3 b6 26. Nb3 Kf7 27. d4 exd4 28.
Nxd4 Nxd4 29. cxd4 Rac8 30. d5 Rhe8 31. d6 Rxc1 32. Rxc1 Rd8 33. Rc7+ Ke6 34.
Rxg7 Rd7 35. Rxd7 Kxd7 36. Kg2 Kxd6 37. Kg3 Ke5 38. Kg4 f5+ 39. Kh5 Kf6 40. Kxh6
f4 41. h4 Kf5 42. h5 Kf6 43. Kh7 Kf7 44. h6 f3 45. a4 a6 46. b4 a5 47. bxa5 bxa5
48. Kh8 Kf8 49. Kh7 Kf7 50. Kh8 Kf8 51. Kh7 Kf7 52. Kh8 Kf8 53. Kh7 Kf7 54. Kh8
Kf8 {Game drawn by repetition} 1/2-1/2

[Event "Team 45 45 League T44"]
[Site "Internet Chess Club"]
[Date "2010.02.28"]
[Round "4"]
[White "Newcastler"]
[Black "OutofBook"]
[Result "1-0"]
[WhiteElo "1341"]
[BlackElo "1318"]
[Opening "QGD: exchange, positional line, 5...c6"]
[ECO "D35"]
[Time "15:00:16"]
[TimeControl "2700+45"]

1. d4 d5 2. c4 e6 3. Nc3 Nf6 4. cxd5 exd5 5. Bg5 c6 6. Nf3 Be7 7. e3 Nbd7 8. Bd3
h6 9. Bh4 Nh5 10. Bxe7 Qxe7 11. O-O Nhf6 12. Re1 O-O 13. Nh4 g6 14. e4 Nxe4 15.
Nxe4 Qxh4 16. Nd2 Qxd4 17. Qc2 Nc5 18. Nf3 Qxd3 19. Qxc5 Bg4 20. Ne5 Qf5 21. Qd4
h5 22. f3 Bxf3 23. Nxf3 Rfe8 24. Qd2 Rxe1+ 25. Rxe1 Qd7 26. Qh6 Re8 27. Rf1 f6
28. Qxg6+ Qg7 29. Qxh5 Rd8 30. Nd4 f5 31. Ne6 Qe7 32. Nxd8 Qxd8 33. Qxf5 d4 34.
Qg6+ Kh8 35. Rf5 d3 36. Rh5# {Black checkmated} 1-0

[Event "Team 45 45 League T44"]
[Site "Internet Chess Club"]
[Date "2010.02.27"]
[Round "4"]
[White "arconia"]
[Black "ElmerHo"]
[Result "0-1"]
[WhiteElo "1349"]
[BlackElo "1491"]
[Opening "Petrov's defense"]
[ECO "C42"]
[Time "21:00:08"]
[TimeControl "2700+45"]

1. e4 e5 2. Nf3 Nf6 3. d3 Nc6 4. Be2 Bc5 5. Bg5 h6 6. Bh4 d6 7. Nc3 g5 8. Nxg5
hxg5 9. Bxg5 Be6 10. Nb5 Bb6 11. O-O a6 12. Nc3 Qe7 13. Na4 Ba7 14. a3 O-O-O 15.
c4 Bd7 16. b4 Nd4 17. Nc3 Bc6 18. a4 Ne6 19. Bg4 Kb8 20. b5 Nxg5 21. bxc6 Bd4
22. Qb3 b6 23. a5 Nxg4 24. axb6 Bxb6 25. Nd5 Nf3+ 26. gxf3 Qh4 {White resigns}
0-1

[Event "Team 45 45 League T44"]
[Site "Internet Chess Club"]
[Date "2010.02.27"]
[Round "4"]
[White "houseofcook"]
[Black "FatTire"]
[Result "0-1"]
[WhiteElo "1445"]
[BlackElo "1274"]
[Opening "Scotch opening"]
[ECO "C44"]
[Time "14:00:18"]
[TimeControl "2700+45"]

1. e4 e5 2. Nf3 Nc6 3. d4 d6 4. dxe5 Bg4 5. exd6 Bxd6 6. Be2 Nf6 7. Nc3 Qe7 8.
Bg5 O-O-O 9. Qc1 Bb4 10. Qe3 Bxf3 11. Bxf3 Nd4 12. Rc1 h6 13. Bxf6 gxf6 14. O-O
Bc5 15. Bg4+ Kb8 16. Qh3 h5 17. Bf5 Rdg8 18. Rfe1 Re8 19. Nd5 Qe5 20. c3 Ne6 21.
Kh1 Ng5 22. f4 Nxh3 23. fxe5 Nf2+ 24. Kg1 Nd3+ 25. Kf1 Nxc1 26. Rxc1 fxe5 27.
Nf6 Rd8 28. Nd7+ Ka8 29. Nxc5 Rd2 30. Na4 Rg8 31. Bh3 b5 32. Nc5 Rxb2 33. Nd7
Rg6 34. Nxe5 Rf6+ 35. Kg1 Rxa2 36. Rd1 Kb7 37. Nd7 Rd6 38. Rxd6 cxd6 39. Nf6 h4
40. Nd5 a5 41. Kf1 Ra4 42. Bf5 b4 43. Bd7 Ra1+ 44. Kf2 b3 45. Ne7 b2 46. Bc6+
Kc7 {White resigns} 0-1

[Event "Team 45 45 League T44"]
[Site "Internet Chess Club"]
[Date "2010.02.26"]
[Round "4"]
[White "VerticalMotion"]
[Black "Zohan"]
[Result "1-0"]
[WhiteElo "1370"]
[BlackElo "1520"]
[Opening "Sicilian defense"]
[ECO "B44"]
[Time "09:00:15"]
[TimeControl "2700+45"]

1. e4 c5 2. Nf3 e6 3. d4 cxd4 4. Nxd4 Nc6 5. Be3 Nxd4 6. Bxd4 Nf6 7. Nd2 d5 8.
Bb5+ Bd7 9. Bxf6 Qxf6 10. Bxd7+ Kxd7 11. c3 Kc8 12. O-O Be7 13. exd5 exd5 14.
Nf3 Rd8 15. Nd4 Qg6 16. Qf3 Bf6 17. Rac1 h6 18. Rfe1 Qg5 19. Nb5 g6 20. Qh3+ Kb8
21. g4 Qf4 22. Qg3 Qxg3+ 23. hxg3 a6 24. Nd4 Kc7 25. f4 Re8 26. Kf2 Kd6 27. Nf3
Rad8 28. Rcd1 b5 29. Rd3 Kc5 30. Red1 Bg7 31. Nd4 Kc4 32. Nc6 Rd7 33. b3+ Kc5
34. Nb4 d4 35. Nxa6+ Kb6 36. Nb4 Re3 37. cxd4 Rxd3 38. Rxd3 Rxd4 39. Rxd4 Bxd4+
40. Kf3 Kc5 41. Nd3+ Kd5 42. Nb4+ Kc5 43. Nc2 Bg7 44. Ke4 b4 45. Ne3 Kd6 46. Nd5
f5+ 47. gxf5 gxf5+ 48. Kxf5 Kxd5 49. Kg6 Bf8 50. Kf7 Bc5 51. f5 Ke5 52. Kg6 Be7
53. g4 Bd8 54. Kxh6 Kf4 55. Kg6 Ke5 56. g5 Bc7 57. f6 Ke6 58. Kg7 Be5 59. Kg6
Bc7 60. f7 Bd6 61. Kg7 Kf5 62. g6 Be7 63. Kh7 Kf6 64. g7 Kxf7 65. g8=Q+ Kf6 66.
Qd5 Bf8 67. Kg8 Bh6 68. Qd6+ Kg5 69. Qxb4 {Black resigns} 1-0

[Event "Team 45 45 League T44"]
[Site "Internet Chess Club"]
[Date "2010.02.27"]
[Round "4"]
[White "seldredg"]
[Black "taldeital"]
[Result "0-1"]
[WhiteElo "1332"]
[BlackElo "1348"]
[Opening "QGD Slav: 4.Nc3"]
[ECO "D15"]
[Time "13:02:14"]
[TimeControl "2700+45"]

1. d4 d5 2. c4 c6 3. Nf3 Nf6 4. Nc3 Bf5 5. e3 e6 6. h3 Bd6 7. Nh4 Be4 8. f3 Bg3+
9. Ke2 Bxh4 10. fxe4 Nxe4 11. Nxe4 dxe4 12. Bd2 Nd7 13. Be1 f5 14. g3 Be7 15.
Bg2 Qc7 16. b4 Rd8 17. Rf1 Ne5 18. g4 g6 19. Rc1 Nd3 20. Rb1 Qh2 21. Rf2 Bh4 22.
Bxe4 Nxf2 23. Bxc6+ bxc6 24. Qa4 Ne4+ 25. Kd1 Bxe1 26. Qxc6+ Ke7 27. Qb7+ Rd7
28. Qc6 Qd2# {White checkmated} 0-1

[Event "Team 45 45 League T44"]
[Site "Internet Chess Club"]
[Date "2010.03.01"]
[Round "4"]
[White "siddhu"]
[Black "KoalieAwe"]
[Result "1-0"]
[WhiteElo "1848"]
[BlackElo "1534"]
[Opening "Queen's pawn game, Chigorin variation"]
[ECO "D02"]
[Time "12:30:44"]
[TimeControl "2700+45"]

1. Nf3 d5 2. d4 Nc6 3. c4 e6 4. Bf4 Nf6 5. Nc3 Bb4 6. Qd3 O-O 7. a3 Bd6 8. Bxd6
Qxd6 9. c5 Qe7 10. e4 dxe4 11. Nxe4 Nd5 12. b4 a6 13. Qd2 Rd8 14. Bc4 b6 15. O-O
Bb7 16. Bxd5 Rxd5 17. Nc3 Rd7 18. Qe3 Rad8 19. cxb6 cxb6 20. d5 exd5 21. Qxb6
Rd6 22. Rfe1 Qd7 23. Na4 Nd4 24. Qxd4 Qxa4 25. Re7 R6d7 26. Rae1 Rxe7 27. Rxe7
Qxa3 28. h3 Qc1+ 29. Kh2 Qc8 30. Ne5 f6 31. Qa7 Qb8 32. Rxb7 Qxa7 33. Rxa7 fxe5
34. Rxa6 d4 35. Ra1 Kf7 36. Kg3 Rd6 37. Kf3 Ke6 38. Ke4 d3 39. Rd1 Rd4+ 40. Ke3
Rxb4 41. Rxd3 Ke7 42. Ra3 Ke6 43. g3 Rd4 44. f4 Rd6 45. Ra7 exf4+ 46. gxf4 Kf6
47. Kf3 Re6 48. Kg4 Re7 49. Ra4 g6 50. Rb4 Re6 51. Rb7 Re7 52. Rb8 Re6 53. Rf8+
Kg7 54. Rc8 Kf6 55. h4 Re7 56. h5 gxh5+ 57. Kxh5 Kg7 58. f5 Rf7 59. Kg5 h6+ 60.
Kg4 Rf6 61. Kf4 Rf8 62. Rc1 Rf7 63. Rg1+ Kh7 64. Ke5 Rg7 65. Ra1 Rf7 66. f6 Kg8
67. Ke6 h5 68. Rg1+ Kf8 69. Rg5 h4 70. Rh5 Kg8 71. Rxh4 Ra7 72. Rd4 Ra8 73. Rd7
Kf8 74. Rc7 Rb8 75. Kf5 Ra8 76. Kg6 Rb8 77. Rh7 Kg8 78. f7+ {Black resigns} 1-0

[Event "Team 45 45 League T44"]
[Site "Internet Chess Club"]
[Date "2010.03.01"]
[Round "4"]
[White "AntMantis"]
[Black "Theodulf"]
[Result "1-0"]
[WhiteElo "1924"]
[BlackElo "1626"]
[Opening "QGA: 3.e4"]
[ECO "D20"]
[Time "21:06:42"]
[TimeControl "2700+45"]

1. d4 d5 2. c4 dxc4 3. e4 e5 4. d5 f5 5. exf5 Nf6 6. Bxc4 Bb4+ 7. Bd2 Bxd2+ 8.
Qxd2 Bxf5 9. Nc3 Nbd7 10. Nf3 O-O 11. Ng5 Nb6 12. Bb3 g6 13. d6+ Kg7 14. Be6 h6
15. Bxf5 hxg5 16. Qxg5 Qxd6 17. Qxg6+ Kh8 18. Rd1 Qe7 19. Rd3 Rf7 20. Ne4 Rg8
21. Rh3+ Nh7 22. Rxh7+ Rxh7 23. Qxh7+ Qxh7 24. Bxh7 Kxh7 25. Nf6+ {Black
resigns} 1-0

[Event "Team 45 45 League T44"]
[Site "Internet Chess Club"]
[Date "2010.02.28"]
[Round "4"]
[White "allanchs"]
[Black "Karan99"]
[Result "1/2-1/2"]
[WhiteElo "1527"]
[BlackElo "1577"]
[Opening "Ruy Lopez: ...b5 & ...d6"]
[ECO "C70"]
[Time "12:00:14"]
[TimeControl "2700+45"]

1. e4 e5 2. Nf3 Nc6 3. Bb5 a6 4. Ba4 b5 5. Bb3 Nf6 6. O-O d6 7. Re1 Bg4 8. c3
Be7 9. d3 O-O 10. Nbd2 Na5 11. Bc2 c5 12. h3 Bh5 13. Nf1 Re8 14. Ng3 Bxf3 15.
Qxf3 Bf8 16. Bg5 Re6 17. Nh5 Be7 18. Ng3 h6 19. Be3 d5 20. exd5 Qxd5 21. Ne4
Nxe4 22. dxe4 Qc6 23. Rad1 Rf6 24. Qg3 Qc7 25. Rd5 Nc4 26. Bc1 Rg6 27. Qd3 Nb6
28. Rd1 Nxd5 29. exd5 Rd8 30. Qf3 Rf6 31. Qe4 Rg6 32. Qf5 Qd6 33. h4 Bxh4 34.
Qh5 Bxf2+ 35. Kxf2 Rf6+ 36. Kg1 Re8 37. Be4 a5 38. Rd3 c4 39. Rg3 Kf8 40. Qg4 g5
{Game drawn by mutual agreement} 1/2-1/2

[Event "Team 45 45 League T44"]
[Site "Internet Chess Club"]
[Date "2010.03.03"]
[Round "4"]
[White "ZacAttack99"]
[Black "kingphisch"]
[Result "1-0"]
[WhiteElo "1513"]
[BlackElo "1490"]
[Opening "Queen's pawn game"]
[ECO "D05"]
[Time "17:00:15"]
[TimeControl "2700+45"]

1. d4 d5 2. Nf3 Nf6 3. e3 e6 4. Bd3 Nbd7 5. Nbd2 c6 6. O-O Be7 7. b3 Qc7 8. Bb2
O-O 9. Qe2 b5 10. Ne5 Re8 11. f4 Nf8 12. Rac1 Bb7 13. c4 b4 14. cxd5 exd5 15.
Bb5 Qb6 16. Nxc6 Bd6 17. Ne5 Red8 18. Bd3 Ne4 19. Nxe4 dxe4 20. Bc4 Bxe5 21.
fxe5 Ne6 22. Rf2 Rf8 23. d5 Nd8 24. Bd4 Qa5 25. Bb5 Bxd5 26. Bc5 Rc8 27. Qf1 Ne6
28. Bxf8 Rxc1 29. Qxc1 Kxf8 30. Qc8+ Nd8 31. Qc5+ Kg8 32. Qxd5 Ne6 33. Rxf7 Kxf7
34. Be8+ Kxe8 35. Qxa5 {Black resigns} 1-0

[Event "Team 45 45 League T44"]
[Site "Internet Chess Club"]
[Date "2010.03.03"]
[Round "4"]
[White "Beancounter"]
[Black "tourettes"]
[Result "1-0"]
[WhiteElo "1639"]
[BlackElo "1497"]
[Opening "English: Mikenas-Carls variation"]
[ECO "A18"]
[Time "14:10:29"]
[TimeControl "2700+45"]

1. c4 Nf6 2. Nc3 e6 3. e4 d6 4. d4 Nbd7 5. Bd3 Be7 6. Nge2 O-O 7. O-O e5 8. d5
a5 9. Ng3 Re8 10. f3 Nc5 11. Bc2 Nfd7 12. Be3 Bg5 13. Qd2 Bxe3+ 14. Qxe3 Nb6 15.
b3 Bd7 16. f4 h6 17. f5 Na6 18. f6 g5 19. h4 Kh7 20. hxg5 Rg8 21. Bd1 Rxg5 22.
Nh5 Nb4 23. Rc1 Qc8 24. c5 dxc5 25. Qxc5 Nd3 26. Qe7 Qg8 27. Rc2 Re8 28. Qa3 Bh3
29. Ng7 Nf4 30. Bf3 Nd7 31. Kh2 Nxf6 32. Nxe8 Nxe8 33. gxh3 Rg3 34. Bg4 Rxg4 35.
hxg4 Qxg4 36. Rxf4 Qxf4+ 37. Kg1 Nf6 38. Qc1 Qh4 39. Rg2 Nh5 40. Ne2 Qxe4 41.
Qf1 Qxd5 42. Qf5+ Kh8 43. Qxh5 {Black resigns} 1-0

[Event "Team 45 45 League T44"]
[Site "Internet Chess Club"]
[Date "2010.03.01"]
[Round "4"]
[White "MarkNY"]
[Black "philosopherking"]
[Result "0-1"]
[WhiteElo "1551"]
[BlackElo "1568"]
[Opening "Ruy Lopez: old Steinitz defense"]
[ECO "C62"]
[Time "20:02:35"]
[TimeControl "2700+45"]

1. e4 e5 2. Nf3 Nc6 3. Bb5 d6 4. h3 Nf6 5. O-O Bd7 6. c3 Nxe4 7. d4 Nf6 8. Bxc6
Bxc6 9. dxe5 dxe5 10. Nxe5 Qxd1 11. Rxd1 Be4 12. c4 Bd6 13. Nc3 Bxe5 14. Nxe4
Nxe4 15. Re1 O-O-O 16. Rxe4 Rd1+ 17. Re1 Rxe1# {White checkmated} 0-1